Map: Winter's Gate LE

Players

Heeebs - Winner!

  • Race: Protoss Protoss
  • League: Diamond
  • Spawn Location: 11:00

A.I. 2 (Elite)

  • Race: Terran Terran
  • Spawn Location: 5:00

VOD

Have the link to the VOD?

Description

Time

  • Played on: Aug. 23, 2019, 8:31 p.m.
  • Length: 10:54
Show
View Real Time Build Order
Export as new Build Order

Heeebs Protoss - Winner!

Build Orders: 1 Gate Expand, Blink Stalkers, Colossus Rush 

Get SALT Encoding   

  12  0:00  Probe  
  13  0:13  Probe  
  14  0:18  Pylon  
  14  0:25  Probe  
  15  0:37  Probe  
  15  0:38  Gateway  
  16  0:45  Probe, Assimilator  
  17  0:53  Probe  
  17  1:03  Probe  
  19  1:15  Probe  
  20  1:27  Nexus  
  20  1:36  Cybernetics Core  
  20  1:43  Pylon  
  20  1:50  Probe  
  20  1:51  Assimilator  
  21  1:58  Probe  
  21  2:06  Probe  
  23  2:15  Stalker  
  23  2:16  Warp Gate  
  25  2:25  Twilight Council  
  25  2:26  Probe  
  26  2:36  Probe  
  26  2:37  Probe  
  28  2:44  Probe  
  28  2:45  Probe, Stalker  
  32  2:51  Blink  
  32  2:53  Probe  
  32  2:54  Probe  
  34  3:08  Probe x2  
  36  3:15  Stalker  
  36  3:18  Gateway  
  38  3:27  Probe x2  
  38  3:31  Gateway  
  40  3:35  Robotics Facility  
  40  3:41  Pylon, Probe  
  40  3:44  Probe  
  42  3:53  Probe  
  43  3:56  Probe  
  43  3:58  Pylon  
  44  4:03  Assimilator  
  44  4:05  Probe, Assimilator  
  44  4:08  Probe  
  46  4:16  Stalker x2  
  50  4:25  Observer  
  50  4:30  Probe x2  
  53  4:32  Robotics Bay  
  53  4:38  Probe  
  53  4:41  Pylon  
  53  4:42  Probe  
  55  4:46  Probe  
  56  4:53  Pylon  
  56  4:54  Probe  
  57  5:04  Stalker x2  
  61  5:09  Observer  
  61  5:13  Colossus, Probe x2, Nexus  
  64  5:15  Pylon  
  64  5:17  Pylon  
  64  5:18  Forge  
  64  5:23  Forge  
  64  5:33  Extended Thermal Lance  
  64  5:35  Probe  
  67  5:43  Protoss Ground Weapons Level 1  
  67  5:47  Protoss Ground Armor Level 1  
  67  5:51  Probe  
  67  5:53  Colossus  
  68  5:59  Probe  
  68  6:03  Probe  
  70  6:05  Gateway  
  76  6:12  Gateway  
  76  6:13  Gateway  
  76  6:18  Probe  
  76  6:19  Probe  
  76  6:25  Pylon, Stalker x2  
  82  6:29  Probe, Stalker  
  86  6:32  Probe  
  86  6:33  Probe  
  86  6:37  Probe  
  87  6:42  Pylon  
  87  6:44  Colossus  
  87  6:45  Probe x2  
  96  6:57  Probe, Assimilator  
  96  6:58  Probe  
  96  6:59  Probe  
  99  7:01  Assimilator  
  99  7:03  Pylon  
  99  7:05  Probe  
  99  7:11  Probe x2, Stalker x3  
  99  7:13  Stalker  
  110  7:16  Probe, Stalker  
  113  7:23  Probe  
  113  7:25  Colossus  
  113  7:29  Probe x2  
  116  7:33  Stalker  
  116  7:35  Probe  
  119  7:39  Protoss Ground Weapons Level 2  
  119  7:41  Protoss Ground Armor Level 2  
  125  7:45  Pylon  
  123  7:58  Templar Archives  
  123  7:59  Stalker x2  
  123  8:00  Pylon, Stalker  
  123  8:03  Stalker  
  131  8:07  Probe x3  
  134  8:18  Pylon  
  134  8:26  Psionic Storm  
  134  8:30  Probe x2  
  134  8:31  Pylon, Probe  
  137  8:41  Gateway  
  137  8:42  Gateway  
  137  8:43  Gateway, Pylon  
  137  8:45  Gateway, Stalker x3  
  137  8:46  Stalker x2  
  147  8:50  Immortal  
  141  9:03  Stalker  
  139  9:10  Stalker x4  
  139  9:11  Stalker  
  149  9:23  Gateway  
  149  9:26  Gateway  
  149  9:28  Gateway  
  149  9:33  Nexus  
  149  9:34  Stalker x3  
  151  9:43  Pylon  
  151  9:49  Stalker x2  
  151  9:50  Stalker x3  
  159  9:54  Probe x2  
  159  9:55  Pylon  
  161  10:03  Probe  
  161  10:06  Pylon, Probe  
  157  10:08  Pylon  
  151  10:23  Stalker  
  151  10:24  Stalker x6  
  151  10:25  Stalker  
  167  10:34  Stalker x2  
  167  10:35  Stalker x2  
  173  10:40  Probe  
  173  10:42  Pylon  
  174  10:50  Stalker x4  
Show
View Real Time Build Order
Export as new Build Order

A.I. 2 (Elite) Terran 

Build Orders:  

Get SALT Encoding   

  12  0:00  SCV  
  13  0:13  SCV  
  14  0:18  Supply Depot  
  14  0:25  SCV  
  15  0:39  SCV  
  16  0:51  SCV  
  16  0:55  Refinery  
  17  0:58  Barracks  
  17  1:03  SCV  
  18  1:16  SCV  
  19  1:27  Command Center  
  19  1:37  Supply Depot  
  19  1:39  SCV  
  20  1:47  Marine  
  20  1:52  SCV  
  21  2:05  Factory  
  21  2:15  Barracks  
  21  2:17  SCV  
  21  2:21  Marine  
  24  2:30  SCV  
  24  2:36  Supply Depot  
  24  2:41  Marine  
  24  2:42  SCV  
  26  2:49  Factory Tech Lab  
  26  2:51  SCV  
  27  3:01  Orbital Command  
  27  3:08  Refinery  
  27  3:09  Marine  
  28  3:17  Orbital Command  
  28  3:20  Marine  
  29  3:27  SCV  
  29  3:28  Marine  
  30  3:38  Marine  
  30  3:39  SCV  
  32  3:42  SCV  
  32  3:46  Marine  
  34  3:51  SCV  
  34  3:54  SCV  
  34  3:55  Barracks, Marine  
  37  4:03  SCV  
  37  4:05  Barracks Tech Lab  
  37  4:06  SCV  
  39  4:12  Supply Depot  
  39  4:14  Barracks Tech Lab  
  39  4:15  SCV  
  40  4:18  SCV  
  40  4:23  Marine  
  42  4:26  Stimpack  
  42  4:27  Siege Tank, SCV  
  42  4:30  SCV  
  47  4:31  Marine  
  47  4:32  Combat Shield  
  48  4:39  SCV  
  48  4:40  Marine  
  48  4:41  Marine  
  48  4:42  SCV  
  52  4:50  Marauder  
  52  4:51  SCV  
  55  4:53  Supply Depot  
  55  4:54  SCV  
  55  4:59  Marauder  
  58  5:03  SCV  
  58  5:06  SCV  
  60  5:07  Refinery  
  60  5:11  Marauder  
  62  5:14  Barracks Reactor, Engineering Bay  
  62  5:16  SCV  
  62  5:17  Supply Depot  
  62  5:19  SCV  
  62  5:20  Marauder  
  66  5:24  Command Center  
  66  5:31  SCV  
  66  5:32  SCV  
  68  5:40  Terran Infantry Weapons Level 1  
  65  5:43  SCV, Marine  
  65  5:44  SCV  
  65  5:45  Starport  
  68  5:52  Supply Depot  
  68  5:55  SCV  
  68  5:57  SCV  
  70  6:02  Marauder  
  70  6:03  Engineering Bay  
  72  6:06  Marauder, Marine  
  72  6:07  SCV  
  76  6:14  SCV, Marine  
  76  6:16  Supply Depot  
  77  6:20  SCV  
  77  6:21  Medivac  
  77  6:23  Marauder, Marine  
  83  6:29  Terran Infantry Armor Level 1  
  83  6:32  Refinery  
  83  6:38  Marauder  
  83  6:39  Supply Depot  
  85  6:44  SCV x3  
  88  6:48  Refinery  
  88  6:51  Viking  
  90  6:56  SCV  
  90  6:57  SCV x2  
  93  7:08  Concussive Shells, SCV  
  94  7:09  Refinery, SCV  
  94  7:10  Marauder, Marine  
  94  7:13  SCV  
  94  7:15  Supply Depot  
  99  7:20  SCV, Missile Turret  
  99  7:21  Starport Tech Lab, SCV  
  101  7:25  SCV, Missile Turret  
  101  7:28  Marauder  
  104  7:31  Marauder  
  104  7:32  SCV  
  104  7:36  SCV  
  108  7:37  SCV  
  108  7:38  Supply Depot  
  108  7:39  Medivac  
  108  7:43  Missile Turret  
  111  7:44  SCV  
  111  7:45  Missile Turret  
  111  7:48  SCV  
  111  7:49  Marauder  
  111  7:50  Barracks, SCV  
  116  7:56  SCV, Marine  
  118  8:00  SCV, Marine  
  118  8:02  SCV  
  118  8:03  Marine  
  118  8:04  Supply Depot  
  122  8:09  Viking  
  122  8:10  Marine  
  122  8:11  Missile Turret  
  125  8:14  Marauder  
  125  8:15  Orbital Command  
  127  8:26  Armory  
  127  8:28  Supply Depot  
  127  8:29  Marauder  
  127  8:33  Missile Turret  
  129  8:35  Marauder  
  129  8:39  Medivac  
  133  8:50  Marauder  
  133  8:51  Supply Depot  
  129  8:56  Siege Tank  
  129  8:57  Marauder, Marine  
  129  8:58  Marine  
  129  8:59  Marine  
  112  9:09  Viking  
  97  9:11  Marauder  
  97  9:15  Marine  
  97  9:16  Marine  
  101  9:17  Marine  
  101  9:18  Marauder  
  101  9:20  SCV  
  104  9:28  Siege Tank  
  107  9:32  Marine  
  107  9:33  Marauder, Marine  
  107  9:35  Marine  
  102  9:39  Marauder, Viking  
  85  9:48  SCV  
  85  9:50  Marine  
  85  9:51  Marine  
  87  9:53  Marine  
  87  9:54  Marauder  
  89  10:00  Siege Tank  
  89  10:01  Marauder  
  86  10:08  Marine  
  86  10:09  Viking  
  86  10:10  Marine  
  89  10:15  Marine  
  89  10:16  Marauder  
  71  10:22  Marine  
  71  10:24  SCV  
  71  10:26  Marine  
  58  10:28  Marine  
  58  10:33  Marine  
  51  10:37  SCV  
  51  10:38  SCV  
Tags
 
Add a new tag
Caveats
  • Supply blocks, unpowered buildings, or Contaminate may cause inaccurate times.
  • Supply counts are checked every 10 seconds.